 Dungeon Crawl Stone Soup version 0.30-a0-1082-g70414cbcbb (webtiles) character file.

Game seed: 13561724072446395826

41 Goron the Vexing (level 3, -3/35 HPs)
             Began as an Ogre Hexslinger on June 12, 2020.
             Slain by Sigmund
             ... wielding a +0 scythe
              (7 damage)
             ... on level 2 of the Dungeon on Apr 15, 2023.
             The game lasted 00:22:03 (1311 turns).

Goron the Vexing (Ogre Hexslinger)                  Turns: 1311, Time: 00:22:04

Health: -3/35      AC:  3    Str: 14    XL:     3   Next: 52%
Magic:  4/4        EV: 10    Int: 14    God:
Gold:   87         SH:  0    Dex: 10    Spells: 3/4 levels left

rFire   . . .      SeeInvis .    e - +0 short sword
rCold   . . .      Faith    .    (no shield)
rNeg    . . .      Spirit   .    a - +0 robe
rPois   .          Reflect  .    (helmet restricted)
rElec   .          Rampage  .    (no cloak)
rCorr   .                        (gloves unavailable)
Will    .....                    (boots unavailable)
Stlth   +                        (no amulet)
HPRegen 0.25/turn                (no ring)
MPRegen 0.09/turn                (no ring)

@: no status effects
A: large, unfitting armour, tough skin 1
a: no special abilities


You were on level 2 of the Dungeon.
You visited 1 branch of the dungeon, and saw 2 of its levels.

You collected 87 gold pieces.

Inventory:

Hand Weapons
 e - a +0 short sword (weapon)
 g - a +0 dagger
 n - a +0 short sword
 o - a +0 whip
 q - a +0 club
 u - a +0 club
 v - a +0 short sword
 x - a +0 dagger
 y - a +0 short sword
 A - a +0 short sword
Missiles
 c - 4 large rocks (quivered)
 d - 2 throwing nets
 j - 38 stones
 s - 19 poisoned darts
Armour
 a - a +0 robe (worn)
 h - a +0 leather armour
 w - a +0 robe
 B - a +0 scale mail
Scrolls
 b - a scroll of removedness
 i - 3 scrolls of amnesia {unknown}
 l - a scroll of enchant armour {unknown}
 p - a scroll of teleportation {unknown}
 t - a scroll of identify {unknown}
Potions
 k - a potion of heal wounds {unknown}
 m - a potion of haste {unknown}
 r - a potion of brilliance {unknown}
 z - a potion of mutation {unknown}
 C - a potion of curing {unknown}
Comestibles
 f - 3 removed foods


   Skills:
 + Level 1.8 Fighting
 + Level 1.3 Short Blades
 + Level 2.3 Throwing
 + Level 2.2 Dodging
 + Level 0.2 Stealth
 + Level 1.2 Spellcasting
 + Level 3.0 Hexes


You had 3 spell levels left.
You knew the following spells:

 Your Spells              Type           Power      Damage    Failure   Level
a - Corona                Hex            9%         N/A       8%          1

Your spell library contained the following spells:

 Spells                   Type           Power      Damage    Failure   Level
 Slow                     Hex            36%        N/A       8%          1
 Inner Flame              Hex/Fire       5%         N/A       38%         3
 Portal Projectile        Hex/Tloc       10%        N/A       38%         3
 Cause Fear               Hex            4%         N/A       58%         4
 Leda's Liquefaction      Hex/Erth       2%         N/A       80%         4


Dungeon Overview and Level Annotations

Branches:
Dungeon (2/15)

Altars:

Annotations:
D:2 Sigmund


Innate Abilities, Weirdness & Mutations

You are too large for most types of armour.
You have tough skin. (AC +1)


Message History

You feel sick.
You are no longer poisoned.
You see here an adder corpse.
Save game and exit?
Welcome back, Goron the Ogre Hexslinger.
Press ? for a list of commands and other information.
Sigmund the Dreaded comes into view.
He is wielding a +0 scythe.
Sigmund shouts!
Sigmund barely misses you.
Sorry, you're not good enough to have a special ability.
You hit Sigmund but do no damage. Sigmund closely misses you.
You hit Sigmund.
Sigmund is lightly wounded.
Sigmund closely misses you.
You barely miss Sigmund.
Sigmund is lightly wounded.
You closely miss Sigmund.
Sigmund is lightly wounded.
Sigmund hits you with a +0 scythe.
* * * LOW HITPOINT WARNING * * *
You closely miss Sigmund.
Sigmund is lightly wounded.
Sigmund barely misses you.
You closely miss Sigmund.
Sigmund is lightly wounded.
You hit Sigmund.
Sigmund is moderately wounded.
Sigmund gestures at you while chanting. The magic dart hits you.
* * * LOW HITPOINT WARNING * * *
You hit Sigmund.
Sigmund is moderately wounded.
Sigmund says, "I'm your fate." Sigmund closely misses you.
You hit Sigmund.
Sigmund is moderately wounded.
You hit Sigmund.
Sigmund is heavily wounded.
Sigmund hits you with a +0 scythe!
You die...

#### .....
......########
......@@.....+
......##.#####
..... #.# ....
#.# ### #.#
#.#
#######.####
#..........#
#..........#


You could see Sigmund.

Vanquished Creatures
  An adder (D:2)
  A dart slug (D:2)
  2 giant cockroaches (D:1)
  3 goblins (D:1)
  5 hobgoblins
  3 bats
  3 frilled lizards (D:1)
  8 kobolds
  5 rats (D:1)
31 creatures vanquished.

Notes
Turn   | Place    | Note
-------+----------+-------------------------------------------
     0 | D:1      | Goron the Ogre Arcane Marksman began the quest for the Orb.
     0 | D:1      | Reached XP level 1. HP: 19/19 MP: 2/2
   262 | D:1      | Reached XP level 2. HP: 13/27 MP: 3/3
   526 | D:1      | Reached skill level 3 in Hexes
  1012 | D:1      | Reached XP level 3. HP: 30/33 MP: 4/4
  1016 | D:1      | Reached skill level 1 in Short Blades
  1025 | D:1      | Upgraded the game from 0.26-a0-67-g850bfe61e3 to
                  | 0.26-a0-70-g31f1466007
  1188 | D:2      | Upgraded the game from 0.26-a0-70-g31f1466007 to
                  | 0.26-a0-651-gb41185065b
  1252 | D:2      | Upgraded the game from 0.26-a0-651-gb41185065b to
                  | 0.30-a0-1082-g70414cbcbb
  1297 | D:2      | Noticed Sigmund
  1311 | D:2      | Slain by Sigmund

Illustrated notes

Levels and vault maps discovered:
D:1:      psy_arrival_statuary, layout_basic
D:2:      layout_basic, first_ration, uniq_jessica, uniq_sigmund

Skill      XL: |  1  2  3 |
---------------+----------+-----
Dodging        | 2 |  2.2
Hexes          | 3 |  3.0
Short Blades   | 1 |  1.3
Fighting       | |  1.8
Throwing       | |  2.3
Stealth        | |  0.2
Spellcasting   | |  1.2

Action                     || total
---------------------------++-------
  Melee: Short sword       ||   152
    Eat: Removed food      ||     1
 Armour: Robe              ||    34
  Dodge: Dodged            ||    85

Table legend: (Time is in decaauts)
 A = Elapsed time spent in this place.
 B = Non-inter-level travel time spent in this place.
 C = Inter-level travel time spent in this place.
 D = Time resting spent in this place.
 E = Time spent auto-exploring this place.
 F = Levels seen in this place.
 G = Mean time per level.
                   A        B        C        D        E       F      G
               +--------+--------+--------+--------+--------+-----+--------+
         Total |   1318 |   1299 |     19 |      0 |      0 |   2 |  659.0 |
       Dungeon |   1318 |   1299 |     19 |      0 |      0 |   2 |  659.0 |
               +--------+--------+--------+--------+--------+-----+--------+

Top non-repeatable levels by time:
     D:2: 122 daAuts
Note: time per level data comes from an upgraded game and may be incomplete.
